 Dungeon Crawl Stone Soup version 0.27-a0-1189-gb8eb6cee8e (webtiles) character file.

Game seed: 7993281306744889422

46 spiderkeys the Skirmisher (level 3, -12/29 HPs)
             Began as a Formicid Abyssal Knight on May 23, 2021.
             Was a Believer of Lugonu.
             Mangled by an ogre
             ... wielding a +0 giant club
              (13 damage)
             ... on level 2 of the Dungeon.
             The game lasted 00:03:01 (1910 turns).

spiderkeys the Skirmisher (Formicid Abyssal Knight) Turns: 1910, Time: 00:03:02

Health: -12/29     AC:  7    Str: 17    XL:     3   Next: 92%
Magic:  4/5        EV:  9    Int: 11    God:    Lugonu [**....]
Gold:   0          SH:  0    Dex: 10    Spells: 2/2 levels left

rFire    . . .     SeeInvis +   a - +2 spear (elec)
rCold    . . .     Faith    .   (no shield)
rNeg     . . .     Spirit   .   k - +0 scale mail
rPois    .         Reflect  .   (helmet unavailable)
rElec    .         Harm     .   (no cloak)
rCorr    .         Rampage  .   (no gloves)
Will     .....                  j - +0 pair of boots
Stlth    ..........             (no amulet)
HPRegen  0.09/turn              (no ring)
MPRegen  0.09/turn              (no ring)

@: no status effects
A: permanent stasis, dig shafts and tunnels, antennae 3, four strong arms
a: Dig, Shaft Self, Renounce Religion, Depart the Abyss, Bend Space


You were on level 2 of the Dungeon.
You worshipped Lugonu.
Lugonu was pleased with you.
You visited 1 branch of the dungeon, and saw 2 of its levels.
You visited the Abyss 1 time.

You collected 31 gold pieces.
You spent 31 gold pieces at shops.


Innate Abilities, Weirdness & Mutations

You cannot be hasted, slowed, berserked, paralysed or teleported.
You can dig through walls and to a lower floor.
You have a pair of large antennae on your head. (SInv)
Your four strong arms can wield two-handed weapons with a shield.


   Skills:
 + Level 3.6 Fighting
 + Level 2.5 Polearms
 + Level 2.7 Armour
 + Level 1.5 Dodging
 + Level 2.7 Invocations


You had 2 spell levels left.
You didn't know any spells.
Your spell library contained the following spells:

 Spells                   Type           Power      Damage    Failure   Level
 Summon Small Mammal      Summ           0%         N/A       75%         1
 Call Imp                 Summ           0%         N/A       87%         2
 Call Canine Familiar     Summ           0%         N/A       98%         3
 Summon Guardian Golem    Hex/Summ       0%         N/A       98%         3
 Summon Ice Beast         Ice/Summ       0%         N/A       100%        4
 Summon Lightning Spire   Summ/Air       0%         N/A       100%        4

Inventory:

Hand Weapons
 a - a +2 spear of electrocution (weapon)
Missiles
 c - 32 stones
 f - 5 poisoned darts
 l - 10 bolts
 m - 4 curare-tipped darts {=f}
Armour
 b - a +0 leather armour
 j - a +0 pair of boots (worn)
   (You found it on level 2 of the Dungeon)
 k - a +0 scale mail (worn)
   (You found it on level 2 of the Dungeon)
Wands
 g - a wand of iceblast (13)
   (You found it on level 2 of the Dungeon)
Potions
 d - a potion of ambrosia {unknown}
 e - 2 potions of haste {@q3}
 i - 2 potions of curing {@q1}

Dungeon Overview and Level Annotations

Branches:
Dungeon (2/15)

Altars:

Shops:
D:2

* #..# #.##.##P## #..#
#.##.############
#..########.##.............
#..........................
#......####.##.............
#......# #.##.##.#........
#......+ ..##.##..........
##.....# ##.##K####.#######
#......# #.....@O...#
#......# ####.####.##
†.###### #.####..#
..######### #.##....#
..##......# ######.##
..##......# #.....###
..##......# #.#........
####......######.#..#.#..#
...'......+..............#


You could see an ogre and a kobold.


Message History

😎 HP[+3]
Your hp is fully restored (29).
A giant cockroach comes into view.
There is an open door here.
A giant cockroach is nearby!
You hit the giant cockroach but do no damage.
The giant cockroach bites you but does no damage.
You hit the giant cockroach.
Lightning courses through the giant cockroach!
You kill the giant cockroach!
Lugonu accepts your kill.
No target in view!
No target in view!
A kobold comes into view.
It is wielding a +0 club and quivering curare-tipped darts.
A kobold is nearby!
A kobold is nearby!
The kobold closely misses you.
You closely miss the kobold. The kobold hits you but does no damage.
You closely miss the kobold. The kobold hits you but does no damage.
You barely miss the kobold. The kobold closely misses you.
You hit the kobold.
You kill the kobold!
Lugonu accepts your kill.
No target in view!
m - 4 curare-tipped darts {=f} You see here a +0 club.
You sense a monster nearby.
A bat comes into view.
Found a stone staircase leading down.
The bat hits you. The bat barely misses you. 😕 HP[-1]
You take 1 damage, and now have 28/29 hp.
You closely miss the bat. The bat hits you but does no damage.
You reach to attack!
You hit the bat but do no damage. The bat hits you.
The bat barely misses you. 😕 HP[-1]
You take 1 damage, and now have 27/29 hp.
You closely miss the bat. The bat hits you. 😕 HP[-1]
You take 1 damage, and now have 26/29 hp.
A bat is nearby!
A bat is nearby!
You reach to attack!
You hit the bat.
You kill the bat!
Lugonu accepts your kill.
No target in view!
No target in view!
Found Yhigg's Assorted Antiques. 😎 HP[+3]
Your hp is fully restored (29).
There is an entrance to Yhigg's Assorted Antiques here.
h - 2 scrolls labelled QIPHAHI LYPSIS (gained 1) Thank you for shopping at Yhigg's Assorted Antiques!
You can access your shopping list by pressing '$'.
There are no items here.
As you read the scroll labelled QIPHAHI LYPSIS, it crumbles to dust.
It is a scroll of identify.
e - 2 potions of haste
As you read the scroll of identify {@r1}, it crumbles to dust.
i - 2 potions of curing
There is a fountain of clear blue water here.
Key pressed, stopping explore.
Key pressed, stopping explore.
You sense a monster nearby.
You sense a monster nearby.
No target in view!
A goblin comes into view. It is wielding a +0 dagger.
The goblin shouts!
You hear a shout!
You closely miss the goblin. The goblin hits you but does no damage.
You closely miss the goblin. The goblin barely misses you.
You hit the goblin. Lightning courses through the goblin!
You kill the goblin!
Lugonu accepts your kill.
No target in view!
No target in view!
An ogre comes into view. It is wielding a +0 giant club.
Things that are here:
a +0 dagger; a goblin corpse An ogre is nearby!
You completely miss the ogre.
The ogre hits you with a +0 giant club!!
Ouch! That really hurt!
* * * LOW HITPOINT WARNING * * *
You hear a shout! 😱 HP[-28]
You take 28 damage, and now have 1/29 hp.
MASSIVE DAMAGE!! (PAUSE)
Things that are here:
a +0 dagger; a goblin corpse 😱 HP[+1]
A kobold comes into view.
It is wielding a +1 short sword of draining. 😱 HP[+1] Space bends around you!
You blink. 😱 HP[-2] MP[-1]
You take 2 damage, and now have 1/29 hp.
You lost 1 mp, and now have 4/5 mp.
Are you sure you want to shaft yourself?
The ogre hits you with a +0 giant club!
You die...

Skill      XL: |  1 |
---------------+----+-----
Dodging        | 1 |  1.5
Fighting       | |  3.6
Polearms       | |  2.5
Armour         | |  2.7
Invocations    | |  2.7

Action                   || total
-------------------------++-------
Melee: Spear             ||    88
Invok: Bend Space        ||     1
 Abil: Dig               ||     2
       Shaft Self        ||     1
  Use: Scroll            ||     8
Armor: Leather armour    ||    14
       Scale mail        ||    12
Dodge: Dodged            ||    22

Levels and vault maps discovered:
D:1:      dpeg_arrival_pond, layout_loops_ring,
          hellmonk_ecumenical_altar_heavens_door, minmay_tiny_reverse_x
D:2:      layout_basic, serial_aquarium, aquarium_bridge_long_separate
          [aquarium_subvault_wall, aquarium_subvault_balcony,
          aquarium_subvault_bridge, aquarium_subvault_window,
          aquarium_subvault_bridge, aquarium_subvault_wall],
          aquarium_bridge_straight [aquarium_subvault_bridge,
          aquarium_subvault_wall, aquarium_subvault_bridge,
          aquarium_subvault_window], aquarium_window_fake, aquarium_window_fake,
          aquarium_window_fake, aquarium_view_2c, aquarium_view_2e,
          serial_shops, shop, shop_fountains, nicolae_shop_waterfront,
          shop_fountains, grunt_decor_arrowhead, minmay_between, uniq_natasha

Notes
Turn   | Place    | Note
-------+----------+-------------------------------------------
     0 | Abyss:1  | spiderkeys the Formicid Abyssal Knight began the quest for
                  | the Orb.
     0 | Abyss:1  | Reached XP level 1. HP: 18/18 MP: 2/2
     0 | Abyss:1  | magus.rc [v1.9.10]
    68 | Abyss:1  | Found a corrupted altar of Lugonu.
    89 | D:1      | You pass through the gate.
    89 | D:1      | Escaped the Abyss
   245 | D:1      | HP: 4/18 [jackal (1)]
   247 | D:1      | Reached skill level 1 in Dodging
   252 | D:1      | HP: 3/18 [jackal (2)]
   254 | D:1      | Reached XP level 2. HP: 4/24 MP: 3/3
   706 | D:1      | You pick up a book of Callings and begin reading...
   706 | D:1      | You add the spells Summon Small Mammal, Call Imp, Call
                  | Canine Familiar, Summon Guardian Golem, Summon Lightning
                  | Spire and Summon Ice Beast to your library.
   738 | D:1      | Reached XP level 3. HP: 23/29 MP: 4/4
  1051 | D:1      | Reached ** piety under Lugonu
  1053 | D:1      | Found a faded altar of an unknown god.
  1786 | D:2      | Found Yhigg's Assorted Antiques.
  1794 | D:2      | Bought a scroll labelled QIPHAHI LYPSIS for 31 gold pieces
  1887 | D:2      | Noticed an ogre
  1889 | D:2      | HP: 1/29 [ogre/+0 giant club (28)]
  1910 | D:2      | Mangled by an ogre

Vanquished Creatures
  A dart slug (D:1)
  4 ball pythons
  4 bats
  6 endoplasms (D:1)
  2 giant cockroaches
  3 goblins
  2 hobgoblins (D:1)
  2 jackals (D:1)
  3 quokkas (D:1)
  A frilled lizard (D:1)
  6 kobolds
  3 rats
37 creatures vanquished.

Table legend:
 A = Non-vault XP
 B = Vault XP
 C = Vault XP percentage of total XP
 D = Non-vault monster count
 E = Vault monster count
 F = Vault count percentage of total count
                 A         B        C        D         E       F
            +---------+---------+-------+---------+---------+-------
      Total |      58 |       8 |  12.1 |      33 |       4 |  10.8
            +---------+---------+-------+---------+---------+-------
        D:1 |      45 |       8 |  15.1 |      24 |       4 |  14.3
        D:2 |      13 |       0 |   0.0 |       9 |       0 |   0.0
            +---------+---------+-------+---------+---------+-------

Illustrated notes

Table legend:
 A = Kills in this place as a percentage of kills in entire the game.
 B = Kills by you in this place as a percentage of kills by you in the entire game.
 C = Kills by friends in this place as a percentage of kills by friends in the entire game.
 D = Other kills in this place as a percentage of other kills in the entire game.
 E = Experience gained in this place as a percentage of experience gained in the entire game.
 F = Experience gained in this place divided by the number of levels of this place that you have seen.
                   A       B       C       D       E      F
               +-------+-------+-------+-------+-------+----------------------
         Total | 100.0 | 100.0 |   N/A |   N/A | 100.0 |  22.0
       Dungeon | 100.0 | 100.0 |   N/A |   N/A | 100.0 |  33.0
               +-------+-------+-------+-------+-------+----------------------

Table legend: (Time is in decaauts)
 A = Elapsed time spent in this place.
 B = Non-inter-level travel time spent in this place.
 C = Inter-level travel time spent in this place.
 D = Time resting spent in this place.
 E = Time spent auto-exploring this place.
 F = Levels seen in this place.
 G = Mean time per level.
                   A        B        C        D        E       F      G
               +--------+--------+--------+--------+--------+-----+--------+
         Total |   1910 |   1869 |     41 |     79 |   1429 |   3 |  636.7 |
       Dungeon |   1819 |   1778 |     41 |     79 |   1427 |   2 |  909.5 |
         Abyss |     90 |     90 |      0 |      0 |      2 |   1 |   90.0 |
               +--------+--------+--------+--------+--------+-----+--------+

Top non-repeatable levels by time:
     D:1: 1324 daAuts
     D:2: 495 daAuts
 Abyss:1: 90 daAuts
